 Dungeon Crawl Stone Soup version 0.21.1-1-g345015f (webtiles) character file.

46 garbagetei the Digger (level 3, 0/20 HPs)
             Began as a Gargoyle Earth Elementalist on Feb 6, 2018.
             Slain by a gnoll
             ... wielding a +0 flail
              (8 damage)
             ... on level 2 of the Dungeon.
             The game lasted 00:03:15 (1411 turns).

garbagetei the Digger (Gargoyle Earth Elementalist) Turns: 1411, Time: 00:03:16

Health: 0/20       AC:  5    Str: 11    XL:     3   Next: 66%
Magic:  2/7        EV: 12    Int: 16    God:
Gold:   52         SH:  0    Dex: 10    Spells: 4/7 levels left

rFire    . . .     SeeInvis .   s - +0 club
rCold    . . .     Gourm    .   (no shield)
rNeg     + . .     Faith    .   c - +0 robe
rPois    ∞         Spirit   .   (no helmet)
rElec    +         Reflect  .   (no cloak)
rCorr    .         Harm     .   (no gloves)
MR       .....                  (no boots)
Stlth    +++.......             t - amulet of magic regeneration
HPRegen  0.06/turn              o - ring of stealth
MPRegen  0.35/turn              (no ring)

@: very slightly contaminated
A: negative energy resistance 1, electricity resistance, unbreathing,
petrification resistance, rot immunity, AC +3
a: no special abilities


You were on level 2 of the Dungeon.
You were not hungry.

You visited 1 branch of the dungeon, and saw 2 of its levels.

You collected 52 gold pieces.

Inventory:

Hand Weapons
 s - a +0 club (weapon)
Missiles
 b - 71 stones (quivered)
 g - 26 poisoned needles
 k - 20 bolts
Armour
 c - a +0 robe (worn)
Jewellery
 h - an uncursed ring of fire
 o - a ring of stealth (left hand)
 t - an amulet of magic regeneration (around neck)
Scrolls
 a - 2 scrolls of enchant weapon {unknown}
 i - a scroll of identify {unknown}
 l - 3 scrolls of teleportation {unknown}
 m - a scroll of fog {unknown}
 q - a scroll of amnesia {unknown}
 r - a scroll of remove curse {unknown}
Potions
 f - a potion of lignification {unknown}
 j - a potion of might {unknown}
 n - a potion of curing {unknown}
 p - a potion of magic {unknown}
 v - a potion of mutation {unknown}
Books
 e - a book of Geomancy

   Spells                             Type                      Level
   a - Sandblast                      Earth                        1
   b - Passwall                       Transmutation/Earth          2
   c - Stone Arrow                    Conjuration/Earth            3
   d - Petrify                        Transmutation/Earth          4
   e - Lee's Rapid Deconstruction     Earth                        5
Comestibles
 d - 5 rations
 u - 2 chunks of flesh


   Skills:
 + Level 0.3 Fighting
 + Level 1.7 Dodging
 - Level 2.2 Stealth
 * Level 2.7 Spellcasting
 - Level 0.7 Transmutations
 * Level 4.5 Earth Magic


You had 4 spell levels left.
You knew the following spells:

 Your Spells              Type           Power        Failure   Level  Hunger
a - Sandblast             Erth           ###...       3%          1    #......
b - Passwall              Tmut/Erth      ##........   10%         2    ##.....


Dungeon Overview and Level Annotations

Branches:
Dungeon (2/15)

Altars:
Hepliaklqana
The Shining One


Innate Abilities, Weirdness & Mutations

You are resistant to torment.
Your stone body is resilient. (AC +3)
You are immune to poison.
You resist negative energy. (rN+)
You are resistant to electric shocks. (rElec)
You can survive without breathing.
You are immune to petrification.
You are immune to rotting.


Message History

Press: ? - help, Shift-Dir - straight line, f/p - gnoll
Aim: a gnoll, wielding a whip (almost dead)
The blast of sand hits the gnoll.
You kill the gnoll!
b - 72 stones
Casting: Sandblast
Confirm with . or Enter, or press ? or * to list all spells.
You don't have enough magic to cast that spell.
Unknown command.
You hit the gnoll but do no damage. The gnoll barely misses you.
Casting: Sandblast
Confirm with . or Enter, or press ? or * to list all spells.
Aiming: Sandblast
Press: ? - help, Shift-Dir - straight line, f - gnoll
Aim: a gnoll, wielding a flail The blast of sand hits the gnoll.
The gnoll is moderately wounded.
b - 71 stones The gnoll hits you with a flail!
You die...

##### ...#
######.###
###........##
#>..........##
#@#.#........#####
#g#.#.............
#g#.#.......).....
#g#.#.............
#.#.#.......#.....
#)#.##..#####..###
#)#.....# ##.##
#.# ##....###..##
... ...........


You could see 2 gnolls and a goblin.

Vanquished Creatures
  2 gnolls (D:2)
  A dart slug (D:1)
  5 giant cockroaches
  A hobgoblin (D:1)
  5 kobolds
  A ball python (D:1)
  2 frilled lizards
  2 goblins
  7 rats
26 creatures vanquished.

Vanquished Creatures (others)
  4 toadstools (D:1)
4 creatures vanquished.

Grand Total: 30 creatures vanquished

Notes
Turn   | Place    | Note
-------+----------+-------------------------------------------
     0 | D:1      | garbagetei the Gargoyle Earth Elementalist began the quest for the Orb.
     0 | D:1      | Reached XP level 1. HP: 10/10 MP: 3/3
   104 | D:1      | Reached XP level 2. HP: 1/15 MP: 1/5
   373 | D:1      | Reached skill level 4 in Earth Magic
  1003 | D:2      | Learned a level 2 spell: Passwall
  1227 | D:2      | Found a hazy altar of Hepliaklqana.
  1227 | D:2      | Found a glowing golden altar of the Shining One.
  1331 | D:2      | Reached XP level 3. HP: 19/19 MP: 6/6
  1411 | D:2      | Slain by a gnoll

Skill      XL: |  1  2 |
---------------+-------+-----
Earth Magic    | 4 |  4.5
Fighting       | |  0.3
Dodging        | |  1.7
Stealth        | |  2.2
Spellcasting   | |  2.7
Transmutations | |  0.7

Action                   || total
-------------------------++-------
Melee: Unarmed           ||    71
       Club              ||    23
 Cast: Sandblast         ||    25
  Use: Scroll            ||     1
 Stab: Sleeping          ||     4
  Eat: Chunk             ||     2
Armor: Robe              ||    29
Dodge: Dodged            ||    60
